 Dungeon Crawl Stone Soup version 0.32-a0-837-g8d3e27d251 (webtiles) character file.

Game seed: 6033338505062535291

90451 xsansara the Artisan of Death (level 15, -3/80 HPs)
             Began as a Felid Summoner on Mar 26, 2024.
             Was a Priest of Kikubaaqudgha.
             Slain by a rockslime (15 damage)
             ... on level 3 of the Pits of Slime.
             The game lasted 03:11:11 (23398 turns).

xsansara the Artisan of Death (Felid Summoner)     Turns: 23398, Time: 03:11:11

Health: -3/80      AC:  3    Str:  6    XL:     15   Next: 52%
Magic:  3/30       EV: 24    Int: 27    God:    Kikubaaqudgha [***...]
Gold:   839        SH:  0    Dex: 20    Spells: 4/34 levels left
                                        Lives:  0   Deaths: 5

rFire   . . .        (weapon unavailable)
rCold   + + .        (shield unavailable)
rNeg    . . .        (body armour unavailable)
rPois   +            (helmet unavailable)
rElec   .            (cloak unavailable)
rCorr   +            (gloves unavailable)
SInv    +            (boots unavailable)
Will    ++++.        x - amulet of magic regeneration
Stlth   ++++++       z - ring "Wotuem" {rPois Will++ rCorr Int+6 SInv}
HPRegen 0.33/turn    j - ring of Citwyog {rC+ rCorr Str-2 Dex+2 Stlth+}
MPRegen 0.62/turn

%: no passive effects
@: death channelling, inugami summoned
A: very small, claws 1, fangs 3, see invisible, shaggy fur 3, stealthy paws, no
weapons or thrown items, no armour, multi-lived, inability to drink after injury
1
a: Renounce Religion, Unearth Wretches


You were on level 3 of the Pits of Slime.
You worshipped Kikubaaqudgha.
Kikubaaqudgha was most pleased with you.
You visited 4 branches of the dungeon, and saw 22 of its levels.
You also visited: Bailey.

You collected 2564 gold pieces.
You spent 1725 gold pieces at shops.

Inventory:

Jewellery
 e - a ring of willpower
 g - a ring of positive energy
 j - the ring of Citwyog (right paw) {rC+ rCorr Str-2 Dex+2 Stlth+}
   (You took it off Terence on level 2 of the Dungeon)

   [ring of protection from cold]

   Str-2:     It affects your strength (-2).
   Dex+2:     It affects your dexterity (+2).
   rC+:       It protects you from cold.
   rCorr:     It protects you from acid and corrosion.
   Stlth+:    It makes you more stealthy.
 x - an amulet of magic regeneration (around neck)
 z - the ring "Wotuem" (left paw) {rPois Will++ rCorr Int+6 SInv}
   (You found it on level 2 of the Lair of Beasts)

   [ring of intelligence]

   Int+6:     It affects your intelligence (+6).
   rPois:     It protects you from poison.
   Will++:    It greatly increases your willpower.
   SInv:      It lets you see invisible.
   rCorr:     It protects you from acid and corrosion.
 A - a ring of wizardry
 D - a ring of protection from fire
 G - a ring of positive energy
 N - a ring of magical power
 O - a ring of ice
 S - a ring of protection from cold
 T - a ring of wizardry
 U - a ring of magical power
 X - a ring of poison resistance
Wands
 l - a wand of warping (8)
 s - a wand of flame (18)
 H - a wand of polymorph (6)
 I - a wand of quicksilver (3)
 K - a wand of digging (5)
 L - a wand of paralysis (11)
 V - a wand of mindburst (6)
Scrolls
 b - 7 scrolls of amnesia
 c - 2 scrolls of vulnerability
 d - 7 scrolls of teleportation
 f - 5 scrolls of immolation
 t - 3 scrolls of revelation
 v - a scroll of fog
 w - 4 scrolls of butterflies
 y - a scroll of blinking
 J - a scroll of torment
 Q - a scroll of fear
 R - 2 scrolls of poison
 W - a scroll of identify
 Y - a scroll of silence
Potions
 a - 4 potions of magic
 h - 3 potions of lignification
 i - 3 potions of attraction
 k - 6 potions of haste
 m - 3 potions of mutation
 n - 3 potions of enlightenment
 o - 3 potions of invisibility
 p - 5 potions of resistance
 q - 4 potions of brilliance
 r - 4 potions of ambrosia
 u - 5 potions of heal wounds
 C - a potion of cancellation
 M - 5 potions of curing
 P - a potion of berserk rage
Miscellaneous
 B - a lightning rod (4/4)
 E - a sack of spiders
 Z - a condenser vane


   Skills:
 - Level 10.0 Fighting
 - Level 10.0 Dodging
 - Level 10.0 Stealth
 - Level 10.0 Spellcasting
 - Level 10.0 Summonings
 + Level 18.2 Necromancy
 - Level 5.0 Fire Magic
 - Level 5.0 Air Magic
 - Level 5.0 Evocations


You had 4 spell levels left.
You knew the following spells:

 Your Spells              Type           Power      Damage    Failure   Level
a - Animate Dead          Necr           84%        N/A       1%          4
b - Call Imp              Summ           100%       N/A       1%          2
c - Call Canine Familiar  Summ           61%        N/A       1%          3
d - Summon Blazeheart Go  Fire/Summ      52%        N/A       1%          4
e - Summon Lightning Spi  Summ/Air       52%        N/A       1%          4
f - Death Channel         Necr           42%        N/A       1%          6
g - Haunt                 Necr/Summ      37%        N/A       11%         7

Your spell library contained the following spells:

 Spells                   Type           Power      Damage    Failure   Level
 Sublimation of Blood     Necr           84%        N/A       0%          2
 Vampiric Draining        Necr           84%        2d12      0%          3
 Summon Small Mammal      Summ           100%       N/A       1%          1
 Cigotuvi's Dreadful Rot  Necr/Alch/Air  100%       N/A       1%          2
 Scorch                   Fire           80%        2d8       1%          2
 Martyr's Knell           Necr/Summ      74%        N/A       1%          4
 Freeze                   Ice            52%        1d6       4%          1
 Magic Dart               Conj           52%        1d5       4%          1
 Sandblast                Erth           26%        2d8       4%          1
 Volatile Blastmotes      Fire/Tloc      54%        2d14      4%          3
 Searing Ray              Conj           26%        2d5       6%          2
 Frozen Ramparts          Ice            26%        1d4       13%         3
 Hailstorm                Conj/Ice       13%        3d6       13%         3
 Ozocubu's Armour         Ice            13%        N/A       13%         3
 Stone Arrow              Conj/Erth      26%        3d8       13%         3
 Tukima's Dance           Hex            13%        N/A       13%         3
 Flame Wave               Conj/Fire      27%        2d9       16%         4
 Ignite Poison            Fire/Alch      27%        N/A       16%         4
 Brom's Barrelling Bould  Conj/Erth      13%        2d4       38%         4
 Fulminant Prism          Conj/Alch      6%         3d6       38%         4
 Iskenderun's Mystic Bla  Conj/Tloc      13%        2d5       38%         4
 Passage of Golubria      Tloc           13%        N/A       38%         4
 Petrify                  Alch/Erth      13%        N/A       38%         4
 Curse of Agony           Necr           84%        N/A       1%          5
 Borgnjor's Vile Clutch   Necr/Erth      29%        N/A       2%          5
 Summon Cactus Giant      Summ           30%        N/A       11%         6
 Borgnjor's Revivificati  Necr           42%        N/A       16%         8
 Infestation              Necr           42%        N/A       16%         8
 Silence                  Hex/Air        13%        N/A       38%         5
 Freezing Cloud           Conj/Ice/Air   11%        6-21      52%         5
 Summon Hydra             Summ           30%        N/A       52%         7
 Irradiate                Conj/Alch      6%         3d13      75%         5
 Metabolic Englaciation   Hex/Ice        6%         N/A       75%         5
 Death's Door             Necr           42%        N/A       94%         9
 Spellforged Servitor     Conj/Summ      20%        N/A       99%         7
 Orb of Destruction       Conj           6%         9d6       100%        7
 Lehudib's Crystal Spear  Conj/Erth      6%         10d3      100%        8
 Dimensional Bullseye     Hex/Tloc       Unusable   N/A       N/A         4

Dungeon Overview and Level Annotations

Branches:
Dungeon (12/15)            Temple (0/1) D:4            Lair (5/5) D:10
 Shoals (0/4) Lair:2        Snake (0/4) Lair:2        Slime (3/5) Lair:4
    Orc (2/2) D:12            Elf (0/3) Orc:2        Bailey (visited)

Altars:
Dithmenos
Fedhas
Kikubaaqudgha
Qazlal
Ru
Trog
Beogh
Jiyva
Lugonu

Shops:
D:3 :   Orc:1 [   Orc:2 (*(?*

Portals:
Abyss: Lair:5

Annotations:
D:10 exclusion: statue
Orc:1 2 runed translucent doors, exclusion: orange crystal statue


Innate Abilities, Weirdness & Mutations

You have sharp claws.
You have razor-sharp teeth.
You have supernaturally acute eyesight. (SInv)
Your thick and shaggy fur keeps you warm. (AC +3, rC+)
Your paws help you pounce on unaware monsters.
You are incapable of wielding weapons or throwing items.
You cannot wear armour.
You gain extra lives every three experience levels.
You occasionally lose the ability to drink potions when taking damage.


Message History

The rockslime closely misses your quicksilver ooze zombie.
Your quicksilver ooze zombie hits the rockslime!
Your quicksilver ooze zombie hits the rockslime but does no damage.
The rockslime hits your quicksilver ooze zombie!!!
Your quicksilver ooze zombie stumbles backwards!
Your blazeheart golem punches the rockslime but does no damage.
Your blazeheart golem's core grows cold and it stops moving.
Casting: Call Canine Familiar (safe; 1% risk of failure)
Confirm with . or Enter, or press ? or * to list all spells.
A fiery spirit appears, bound in slag iron.
Your reaping aura expires.
Your freezing wraith disappears in a puff of smoke! x2
Your blazeheart golem disappears in a puff of smoke!
Your quicksilver ooze zombie hits the rockslime but does no damage. x2
The rockslime hits you!!
* * * LOW HITPOINT WARNING * * *
You stumble backwards!
Your quicksilver ooze zombie hits the rockslime!
Your quicksilver ooze zombie hits the rockslime but does no damage.
Your inugami hits the rockslime.
Casting: Summon Blazeheart Golem (dangerous; 1% risk of failure)
Confirm with . or Enter, or press ? or * to list all spells.
Aiming: Haunt (quite dangerous; 11% risk of failure)
Press: ? - help, Dir - move target, f - rockslime
Aim: a rockslime (heavily wounded, ally target) Insubstantial figures form in the air.
Your freezing wraith disappears in a puff of smoke!
Your wraith disappears in a puff of smoke!
Your quicksilver ooze zombie hits the rockslime!
Your quicksilver ooze zombie hits the rockslime but does no damage.
The rockslime closely misses you.
Your inugami hits the rockslime but does no damage.
Your quicksilver ooze zombie hits the rockslime.
Your quicksilver ooze zombie hits the rockslime but does no damage.
Your spectral quicksilver ooze hits the rockslime!
Your spectral quicksilver ooze hits the rockslime but does no damage.
The rockslime attacks as it pursues you!
The rockslime hits you!
You die...
Kikubaaqudgha rasps: You have failed me!
Welcome... death!

...#.##...........
#.................
#...............>.
..........<.......
..................
.......<..........
..##..............
###............
###W.@.......
##.W..JW......
#...Z§9.......
###..§Zh.......
#.#.###.WW.......
.......§§........
......§§§........
........§#.......
...#...#.##.##...


You could see a rockslime (ally target), 2 friendly phantasmal warriors, 2
friendly freezing wraiths, a friendly spectral quicksilver ooze, a friendly
blazeheart golem (summoned), a friendly wraith (summoned), a friendly
quicksilver ooze zombie and a friendly inugami (summoned).

Vanquished Creatures
  2 acid blobs
  A fire dragon (D:12)
  2 hydras
  A two-headed ogre (D:9)
  An orc high priest (Orc:2)
  The ghost of makewrite the Shooter, a novice HuBe of Trog (D:7)
  An orc knight (Bailey)
  A lindwurm (Lair:5)
  An ugly thing (D:9)
  An elephant (Lair:5)
  A black mamba (Lair:5)
  A rime drake (Lair:5)
  A komodo dragon (Lair:5)
  A dream sheep (Lair:5)
  A blink frog (Lair:5)
  13 yaks
  5 wyverns
  Edmund (D:5)
  An acid dragon (D:9)
  2 water moccasins
  An ice beast (D:7)
  An ogre (Orc:2)
  A centaur (D:9)
  A wolf (Lair:5)
  A bullfrog (D:8)
  A wight (D:9)
  A howler monkey (D:7)
  3 electric eels (Lair:3)
  A jelly (D:7)
  4 orc priests
  A black bear zombie (Lair:1)
  2 orcs
  A goblin (D:1)
  A kobold (D:10)
  4 kobold zombies (D:10)
63 creatures vanquished.

Vanquished Creatures (collateral kills)
  Rupert (Lair:5)
  3 acid blobs (Slime:1)
  3 azure jellies
  2 rockslimes (Slime:1)
  3 quicksilver oozes
  Nessos (Lair:5)
  An ettin (Orc:2)
  Josephine (Lair:4)
  3 great orbs of eyes
  2 hydras (Lair:3)
  Erica (D:11)
  3 boulder beetles
  A two-headed ogre (D:9)
  2 centaur warriors
  9 death yaks
  3 thrashing horrors (Lair:5)
  3 orc high priests (Orc:2)
  Sonja (D:12)
  5 nameless horrors
  2 skysharks (Lair:5)
  Pikel (D:4)
  5 orc knights (Orc:2)
  4 orc sorcerers (Orc:2)
  2 deep elf pyromancers
  A deep elf zephyrmancer (D:9)
  2 cyclopes (D:12)
  2 manticores (D:12)
  3 shining eyes (Slime:2)
  A large abomination (Lair:5)
  2 ugly things
  16 elephants
  5 kobold blastminers
  2 eyes of devastation
  3 black mambas
  2 smoke demons (Lair:5)
  Maggie (D:10)
  3 rime drakes (Lair:3)
  7 cane toads
  3 kobold demonologists
  5 komodo dragons
  2 polar bears
  3 merfolk (Lair:2)
  6 trolls
  A glass eye (Slime:2)
  A raiju (shapeshifter) (Lair:5)
  16 blink frogs (Lair:5)
  5 dream sheep (Lair:3)
  3 raiju (Lair:5)
  39 slime creatures
  A shadow (D:10)
  A spriggan (Lair:5)
  11 wyverns
  7 wraiths
  A ynoxinul (Lair:5)
  34 yaks
  9 small abominations (Lair:5)
  15 basilisks
  2 golden eyes (Slime:3)
  A steam dragon (D:7)
  4 chaos spawn (Lair:5)
  3 vampire mosquitoes (D:11)
  3 wargs
  Menkaure (D:4)
  3 acid dragons
  13 water moccasins
  18 orc warriors
  4 black bears
  2 sky beasts
  5 ogres
  5 wolves (Lair:5)
  5 centaurs
  3 kobold brigands
  2 phantoms
  13 bullfrogs
  3 scorpions
  6 wights
  10 killer bees
  5 howler monkeys
  A bombardier beetle (D:5)
  2 hounds
  10 orc priests
  A sleepcap (D:4)
  5 jellies
  A gnoll bouda (D:4)
  Jessica (D:2)
  Natasha (thrice) (D:2)
  23 orc wizards
  Terence (D:2)
  15 hell rats
  A hell rat zombie (Lair:3)
  Robin (D:2)
  4 adders
  11 gnolls
  A shadow imp (D:7)
  2 white imps
  2 orc zombies (Orc:2)
  A dart slug (D:5)
  63 orcs
  6 bats
  7 endoplasms
  A giant cockroach (D:1)
  15 goblins
  5 hobgoblins
  4 jackals (D:2)
  5 quokkas
  6 ball pythons
  2 frilled lizards (D:2)
  22 kobolds
  6 rats
  A butterfly (Lair:3)
615 creatures vanquished.

Vanquished Creatures (others)
  3 acid blobs (Slime:1)
  2 azure jellies (Slime:1)
  3 rockslimes
  A quicksilver ooze (Slime:1)
  A formless jellyfish (Slime:1)
  An ogre mage (Orc:2)
  2 quicksilver ooze zombies (Slime:1)
  An ugly thing zombie (Lair:5)
  An orc sorcerer (Orc:2)
  A manticore (D:12)
  A kobold blastminer (Orc:2)
  A cane toad (Lair:4)
  2 death yak zombies (Lair:5)
  A komodo dragon (Lair:5)
  4 trolls
  2 hydra zombies
  An ettin zombie (Orc:2)
  A fire dragon zombie (D:12)
  A black mamba zombie (Lair:5)
  5 slime creatures
  A yak (Lair:5)
  A warg (Orc:2)
  A wyvern (Lair:4)
  9 slime creature zombies
  4 water moccasins
  4 cane toad zombies
  A lindwurm zombie (Lair:5)
  6 elephant zombies
  7 orc warriors (Orc:2)
  A black bear (D:5)
  2 dream sheep zombies
  6 blink frog zombies (Lair:5)
  A manticore zombie (D:12)
  5 ogres (Orc:2)
  3 rime drake zombies
  3 komodo dragon zombies
  4 bullfrogs
  8 wyvern zombies
  6 water moccasin zombies
  A spriggan zombie (Lair:5)
  9 yak zombies
  A polar bear zombie (Lair:3)
  2 raiju zombies (Lair:5)
  4 troll zombies
  2 wolf zombies (Lair:5)
  10 bullfrog zombies
  5 basilisk zombies
  A black bear zombie (Lair:1)
  An orc priest (Orc:2)
  2 orc wizards (Orc:2)
  5 ogre zombies
  4 hell rat zombies (Lair:3)
  3 jelly zombies (Lair:4)
  5 kobold zombies
  38 orc zombies
  30 blazeheart cores
231 creatures vanquished.

Grand Total: 909 creatures vanquished

Notes
Turn   | Place    | Note
-------+----------+-------------------------------------------
     0 | D:1      | xsansara the Felid Summoner began the quest for the Orb.
     0 | D:1      | Reached XP level 1. HP: 9/9 MP: 4/4
   368 | D:1      | Reached XP level 2. HP: 13/13 MP: 3/6
   371 | D:1      | Learned a level 2 spell: Call Imp
   680 | D:1      | You fall into a shaft and drop 1 floor!
   894 | D:2      | Noticed Jessica
   900 | D:2      | Killed Jessica
   901 | D:2      | Reached XP level 3. HP: 12/16 MP: 2/8
   956 | D:2      | Learned a level 3 spell: Call Canine Familiar
  1639 | D:2      | Identified the ring of Citwyog {rC+ rCorr Str-2 Dex+2
                  | Stlth+}
  1639 | D:2      | Noticed Terence
  1655 | D:2      | Killed Terence
  1656 | D:2      | Reached skill level 5 in Summonings
  1656 | D:2      | Reached XP level 4. HP: 21/21 MP: 4/9
  1656 | D:2      | Gained a life (2 lives remaining)
  1799 | D:2      | Noticed Natasha
  1891 | D:2      | Killed from afar by Natasha
  1891 | D:2      | Lost a life (1 life remaining)
  2035 | D:2      | Killed Natasha
  2107 | D:2      | Noticed Natasha
  2121 | D:2      | Killed Natasha
  2122 | D:2      | Reached XP level 5. HP: 24/24 MP: 4/11
  2142 | D:2      | Noticed Natasha
  2151 | D:2      | Killed Natasha
  2239 | D:2      | Identified the +9 hand axe "Fyenill" {spect, rF+ Dex+3}
  2239 | D:2      | Noticed Robin
  2361 | D:2      | Killed Robin
  2494 | D:2      | Learned a level 4 spell: Summon Blazeheart Golem
  2933 | D:3      | Found Simogg's Vocational Training.
  3118 | D:3      | Found a faded altar of an unknown god.
  3382 | D:3      | Found an ancient bone altar of Kikubaaqudgha.
  3387 | D:3      | Became a worshipper of Kikubaaqudgha
  3880 | D:4      | Reached skill level 1 in Fire Magic
  4023 | D:4      | Reached skill level 1 in Evocations
  4023 | D:4      | Gained mutation: You are covered in thick fur. (AC +2)
                  | [Felid growth]
  4023 | D:4      | Reached XP level 6. HP: 28/28 MP: 9/13
  4134 | D:4      | Found a staircase to the Ecumenical Temple.
  4342 | D:4      | Noticed Menkaure
  4350 | D:4      | Killed Menkaure
  4351 | D:4      | Reached XP level 7. HP: 18/32 MP: 6/14
  4351 | D:4      | Gained a life (2 lives remaining)
  4565 | D:4      | Noticed Pikel
  4588 | D:4      | Killed Pikel
  4588 | D:4      | Reached * piety under Kikubaaqudgha
  4588 | D:4      | Received a gift from Kikubaaqudgha
  4589 | D:4      | Reached skill level 5 in Spellcasting
  4589 | D:4      | Reached XP level 8. HP: 36/36 MP: 4/16
  4594 | D:4      | Learned a level 4 spell: Summon Lightning Spire
  4932 | D:5      | Entered Level 5 of the Dungeon
  4996 | D:5      | Noticed Edmund
  5005 | D:5      | Killed Edmund
  5130 | D:5      | Found a sacrificial altar of Ru.
  5417 | D:5      | Reached skill level 5 in Fire Magic
  6385 | D:6      | Reached skill level 1 in Fighting
  6385 | D:6      | Reached skill level 1 in Air Magic
  6601 | D:6      | Reached XP level 9. HP: 41/41 MP: 13/18
  7238 | D:7      | Found a runed translucent gate.
  7238 | D:7      | Found a runed translucent gate.
  7238 | D:7      | Found a runed translucent gate.
  7238 | D:7      | Noticed makewrite's ghost (novice HuBe)
  7310 | D:7      | Found a flagged portal.
  7367 | Bailey   | Entered a bailey
  7515 | Bailey   | Reached ** piety under Kikubaaqudgha
  7516 | Bailey   | Reached skill level 5 in Evocations
  7522 | Bailey   | Learned a level 4 spell: Animate Dead
  7578 | Bailey   | Noticed an orc knight
  7595 | Bailey   | Killed an orc knight
  7596 | Bailey   | Reached skill level 5 in Stealth
  7880 | D:7      | Killed makewrite's ghost
  7881 | D:7      | Reached skill level 5 in Dodging
  8155 | D:7      | Reached XP level 10. HP: 49/49 MP: 20/20
  8199 | D:7      | Found a shadowy altar of Dithmenos.
  8581 | D:8      | Reached skill level 1 in Necromancy
  8683 | D:8      | Reached *** piety under Kikubaaqudgha
  8683 | D:8      | Received a gift from Kikubaaqudgha
  8694 | D:8      | Reached skill level 2 in Necromancy
  9390 | D:8      | Identified the +8 chain mail "Naskun" {*Slow rPois Regen+
                  | Int-2}
  9473 | D:9      | Noticed a two-headed ogre
  9699 | D:9      | Noticed a two-headed ogre
  9707 | D:9      | Noticed a deep elf zephyrmancer
  9707 | D:9      | Killed a two-headed ogre
  9708 | D:9      | Reached skill level 5 in Fighting
  9708 | D:9      | Reached skill level 3 in Necromancy
  9713 | D:9      | Killed a deep elf zephyrmancer
  9714 | D:9      | Reached XP level 11. HP: 48/55 MP: 8/22
  9714 | D:9      | Killed a two-headed ogre
  9740 | D:9      | Noticed a deep elf pyromancer
  9986 | D:9      | Killed a deep elf pyromancer
 10046 | D:9      | Noticed a soul eater
 10089 | D:9      | Reached **** piety under Kikubaaqudgha
 10180 | D:9      | Noticed a green ugly thing
 10181 | D:9      | Noticed a cyan ugly thing
 10212 | D:9      | Slain by a cyan ugly thing
 10212 | D:9      | Lost a life (1 life remaining)
 10281 | D:9      | Noticed a centaur warrior
 10298 | D:9      | Killed a centaur warrior
 10313 | D:9      | Reached skill level 4 in Necromancy
 10417 | D:9      | Reached skill level 5 in Air Magic
 10442 | D:9      | Learned a level 6 spell: Death Channel
 10585 | D:9      | Killed a cyan ugly thing
 10589 | D:9      | Killed a purple ugly thing
 10707 | D:9      | Noticed a fire dragon
 10708 | D:9      | Killed from afar by a fire dragon
 10708 | D:9      | Lost a life (0 lives remaining)
 10922 | D:10     | Entered Level 10 of the Dungeon
 11480 | D:10     | Noticed Maggie
 11491 | D:10     | Killed Maggie
 11514 | D:10     | Found a blossoming altar of Fedhas.
 11612 | D:10     | Noticed an archer statue
 11615 | D:10     | Found a staircase to the Lair.
 11656 | Lair:1   | Entered Level 1 of the Lair of Beasts
 11669 | Lair:1   | Reached skill level 5 in Necromancy
 11673 | Lair:1   | Gained mutation: Your thick and shaggy fur keeps you warm.
                  | (AC +3, rC+) [Felid growth]
 11673 | Lair:1   | Reached XP level 12. HP: 62/62 MP: 18/25
 11673 | Lair:1   | Gained a life (1 life remaining)
 11706 | Lair:1   | Reached ***** piety under Kikubaaqudgha
 11801 | Lair:1   | Reached skill level 10 in Stealth
 12290 | Lair:2   | Identified the ring "Wotuem" {rPois Will++ rCorr Int+6
                  | SInv}
 12332 | Lair:2   | Reached skill level 10 in Dodging
 12461 | Lair:2   | Found a staircase to the Snake Pit.
 12544 | Lair:2   | Reached skill level 10 in Summonings
 12726 | Lair:2   | HP: 3/63 [merfolk/+0 trident (7)]
 13169 | Lair:2   | Reached skill level 6 in Necromancy
 13329 | Lair:2   | Found a staircase to the Shoals.
 13366 | Lair:3   | Noticed a boulder beetle
 13399 | Lair:3   | Killed a boulder beetle
 13568 | Lair:3   | Reached skill level 7 in Necromancy
 13682 | Lair:3   | Noticed a five-headed hydra
 13688 | Lair:3   | Killed a five-headed hydra
 13773 | Lair:3   | Noticed a seven-headed hydra
 13777 | Lair:3   | Reached XP level 13. HP: 69/69 MP: 23/27
 13777 | Lair:3   | Gained a life (2 lives remaining)
 14358 | Lair:3   | Reached skill level 10 in Spellcasting
 14403 | Lair:3   | Reached skill level 8 in Necromancy
 14591 | Lair:4   | Found a staircase to the Slime Pits.
 14592 | Lair:4   | Found a viscous altar of Jiyva.
 14631 | Lair:4   | HP: 1/70 [elephant (15)]
 14663 | Lair:4   | Reached ****** piety under Kikubaaqudgha
 14903 | Lair:4   | Received a gift from Kikubaaqudgha (forbidden knowledge)
 14981 | Lair:4   | Learned a level 7 spell: Haunt
 15143 | Lair:4   | Reached skill level 10 in Fighting
 15143 | Lair:4   | Reached skill level 9 in Necromancy
 15168 | Lair:4   | Noticed Josephine
 15223 | Lair:4   | Killed Josephine
 15229 | Lair:4   | Reached skill level 10 in Necromancy
 15502 | Lair:5   | Entered Level 5 of the Lair of Beasts
 15775 | Lair:5   | Reached skill level 11 in Necromancy
 15778 | Lair:5   | Noticed Rupert
 15793 | Lair:5   | Killed Rupert
 16036 | Lair:5   | Noticed Nessos
 16043 | Lair:5   | Killed Nessos
 16047 | Lair:5   | Reached skill level 12 in Necromancy
 16099 | Lair:5   | Reached XP level 14. HP: 77/77 MP: 27/29
 16291 | Lair:5   | Found a stormy altar of Qazlal.
 16553 | Lair:5   | Reached skill level 13 in Necromancy
 17649 | Lair:5   | Reached skill level 14 in Necromancy
 17771 | Lair:5   | Found a corrupted altar of Lugonu.
 17771 | Lair:5   | Found a one-way gate to the infinite horrors of the Abyss.
 18221 | D:11     | Noticed Erica
 18226 | D:11     | Killed Erica
 18916 | D:12     | Reached skill level 15 in Necromancy
 18996 | D:12     | Found a staircase to the Orcish Mines.
 19113 | D:12     | Found a stormy altar of Qazlal.
 19226 | D:12     | Noticed Sonja
 19230 | D:12     | Killed Sonja
 19509 | Orc:1    | Entered Level 1 of the Orcish Mines
 19514 | Orc:1    | Found a roughly hewn altar of Beogh.
 19566 | Orc:1    | Found a runed translucent door.
 19573 | Orc:1    | Found the +10 tower shield of Ignorance {rN+ Int-4}
 19675 | Orc:1    | Found a runed translucent door.
 20049 | Orc:1    | Found Foibah's Armour Shoppe.
 20142 | Orc:2    | Entered Level 2 of the Orcish Mines
 20143 | Orc:2    | Found a staircase to the Elven Halls.
 20366 | Orc:2    | Demolished by an ettin
 20366 | Orc:2    | Lost a life (1 life remaining)
 20367 | Orc:2    | Found Yxkin's Assorted Antiques.
 20375 | Orc:2    | Found a bloodstained altar of Trog.
 20776 | Orc:2    | Reached skill level 16 in Necromancy
 20831 | Orc:2    | Slain by a sixfirhy
 20831 | Orc:2    | Lost a life (0 lives remaining)
 21428 | Orc:2    | Reached XP level 15. HP: 80/80 MP: 12/30
 21445 | Orc:2    | Found Zomeudom's Magic Scroll Emporium.
 21445 | Orc:2    | Found Koozec's Weapon Boutique.
 21448 | Orc:2    | Found Bywuor's Weapon Emporium.
 21448 | Orc:2    | Found Inieb's General Store.
 21532 | Orc:2    | Bought a condenser vane for 1080 gold pieces
 21578 | Orc:2    | Bought a sack of spiders for 600 gold pieces
 21578 | Orc:2    | Bought a scroll of teleportation for 45 gold pieces
 21918 | Slime:1  | Entered Level 1 of the Pits of Slime
 22011 | Slime:1  | Noticed an acid blob
 22020 | Slime:1  | Noticed a rockslime
 22020 | Slime:1  | Killed an acid blob
 22022 | Slime:1  | Noticed an azure jelly
 22023 | Slime:1  | Noticed a rockslime
 22023 | Slime:1  | Noticed an acid blob
 22023 | Slime:1  | Killed a rockslime
 22132 | Slime:1  | Noticed an azure jelly
 22136 | Slime:1  | Killed an azure jelly
 22147 | Slime:1  | Reached skill level 17 in Necromancy
 22181 | Slime:1  | Noticed a rockslime
 22189 | Slime:1  | Killed a rockslime
 22193 | Slime:1  | Noticed an acid blob
 22198 | Slime:1  | Killed an acid blob
 22631 | Slime:2  | Noticed a rockslime
 22631 | Slime:2  | Noticed an acid blob
 22632 | Slime:2  | Gained mutation: You occasionally lose the ability to drink
                  | potions when taking damage. [a shining eye]
 22733 | Slime:2  | Noticed an azure jelly
 22740 | Slime:2  | Killed an azure jelly
 22789 | Slime:2  | Reached skill level 18 in Necromancy
 23244 | Slime:3  | Noticed an acid blob
 23384 | Slime:3  | Noticed a rockslime
 23398 | Slime:3  | Slain by a rockslime

Illustrated notes

Levels and vault maps discovered:
D:1:      evilmike_arrival_crescent, layout_basic
D:2:      layout_rooms, minmay_misc_feat_cross, uniq_jessica, uniq_natasha,
          uniq_robin, uniq_terence
D:3:      layout_rooms, mainiacjoe_overflow_alcove_4,
          hellmonk_ecumenical_altar_leap_of_faith, nicolae_shop_vocational
D:4:      layout_basic, minmay_temple_entry_antechambers,
          chequers_serial_rivers_large_a, uniq_menkaure, uniq_pikel
D:5:      layout_gridville, nicolae_ru_awakened_eye, water_boxes_lemuel,
          uniq_edmund
D:6:      layout_basic
D:7:      layout_loops_ring, grunt_dithmenos_shadows, enter_bailey_8,
          ebering_ghost_rock_garden, abandoned_shop
D:8:      layout_basic, moated_statue
D:9:      minmay_the_grid_3x2 [minmay_the_grid_odd_star,
          minmay_the_grid_aliased_spiral, minmay_the_grid_gridbox,
          minmay_the_grid_tri_star, minmay_the_grid_outer_diamond,
          minmay_the_grid_prize_inner_circle], layout_irregular_city,
          nicolae_figureground_sparkle
D:10:     layout_roguey, fedhas_altar_4, chequers_jeans,
          minmay_dual_archer_statues, uniq_maggie
D:11:     layout_cave_pools, uniq_erica
D:12:     layout_roguey, orc_0_dummy, grunt_qazlal_sundering, uniq_sonja
Lair:1:   layout_big_grid
Lair:2:   layout_regular_city, mainiacjoe_shoals_entry_four_pools,
          dummy_snake_entry
Lair:3:   layout_loops_ring, special_room [special_room_mythical_zoo],
          st_stairs_4, disabler_island, infiniplex_staircase_pool,
          grunt_megastairs_2, lemuel_fruit_fields
Lair:4:   layout_long_grid, minmay_slime_entry_pillars, uniq_josephine
Lair:5:   hellmonk_lair_end_abyssal_woods, layout_regular_city,
          lightli_volcano_entry_magma_tube, basic_altar, minivault_26,
          columned_hall_lemuel, uniq_rupert, uniq_nessos
Slime:1:  layout_caves
Slime:2:  layout_caves
Slime:3:  cheibrodos_slime_lost_civilization_1, layout_caves
Orc:1:    layout_caves, basic_altar, serial_shops, shop,
          chequers_guarded_unrand_ignorance
Orc:2:    grunt_orc_tribal_feast, layout_caves, serial_shops,
          nicolae_square_shop, basic_altar

Skill      XL: |  1  2  3  4  5  6  7  8  9 10 11 12 13 14 15 |
---------------+----------------------------------------------+-----
Spellcasting   | 3 4 5 6 7 8 9 10 | 10.0
Summonings     | 5 6 7 8 9 10 | 10.0
Fire Magic     | 1 2 4 5 |  5.0
Evocations     | 1 2 3 4 5 |  5.0
Dodging        | 3 5 7 9 10 | 10.0
Stealth        | 3 6 7 9 10 | 10.0
Fighting       | 1 3 5 6 8 10 | 10.0
Air Magic      | 1 3 4 5 |  5.0
Necromancy     | 3 5 7 12 16 18 | 18.2

Action                     |  1- 3 |  4- 6 |  7- 9 | 10-12 | 13-15 || total
---------------------------+-------+-------+-------+-------+-------++-------
  Melee: Unarmed           |     2 |       |     2 |    12 |    51 ||    67
         Bite              |       |       |       |     1 |     4 ||     5
   Cast: Summon Small Mamm |    41 |    29 |       |       |       ||    70
         Call Imp          |    14 |    33 |    42 |    28 |     5 ||   122
         Call Canine Famil |     5 |    25 |    35 |    40 |    28 ||   133
         Summon Blazeheart |       |     1 |    17 |    48 |     5 ||    71
         Summon Lightning  |       |       |     1 |    83 |    89 ||   173
         Animate Dead      |       |       |       |    16 |    31 ||    47
         Death Channel     |       |       |       |     1 |    57 ||    58
         Haunt             |       |       |       |       |    48 ||    48
 Invoke: Unearth Wretches  |       |       |       |       |    30 ||    30
         Receive Forbidden |       |       |       |       |     1 ||     1
  Evoke: Lightning rod     |       |       |       |     1 |     1 ||     2
         Wand              |       |       |       |       |     4 ||     4
    Use: Scroll            |       |     7 |     9 |     8 |     6 ||    30
         Potion            |       |       |     1 |     1 |     6 ||     8
   Stab: Paralysed         |       |       |       |       |    20 ||    20
         Distracted        |       |       |       |       |     1 ||     1
         Sleeping          |       |       |       |       |     1 ||     1
 Armour: Skin              |     7 |    14 |    13 |    45 |   101 ||   180
  Dodge: Dodged            |    18 |    26 |    21 |    86 |   183 ||   334

Table legend: (Time is in decaauts)
 A = Elapsed time spent in this place.
 B = Non-inter-level travel time spent in this place.
 C = Inter-level travel time spent in this place.
 D = Time resting spent in this place.
 E = Time spent auto-exploring this place.
 F = Levels seen in this place.
 G = Mean time per level.
                   A        B        C        D        E       F      G
               +--------+--------+--------+--------+--------+-----+--------+
         Total |  23470 |  22206 |   1264 |   1386 |  14866 |  23 | 1020.4 |
       Dungeon |  12836 |  12129 |    707 |    479 |   8627 |  12 | 1069.7 |
          Lair |   6432 |   6233 |    199 |    227 |   4212 |   5 | 1286.4 |
    Slime Pits |   1480 |   1377 |    103 |    258 |    870 |   3 |  493.3 |
  Orcish Mines |   2260 |   2006 |    254 |    414 |    978 |   2 | 1130.0 |
        Bailey |    460 |    460 |      0 |      8 |    178 |   1 |  460.0 |
               +--------+--------+--------+--------+--------+-----+--------+

Top non-repeatable levels by time:
  Lair:5: 2386 daAuts
     D:2: 1453 daAuts
     D:4: 1407 daAuts
     D:1: 1354 daAuts
     D:9: 1335 daAuts
   Orc:1: 1238 daAuts
  Lair:3: 1211 daAuts
     D:5: 1208 daAuts
  Lair:2: 1097 daAuts
     D:6: 1049 daAuts
  Lair:4: 1029 daAuts
   Orc:2: 1022 daAuts
     D:8: 984 daAuts
     D:7: 958 daAuts
    D:10: 894 daAuts
